 Dungeon Crawl Stone Soup version 0.30-a0-715-gdb4ae3ece1 (webtiles) character file.

Game seed: 10158867861548036046

38 wormed the Covered (level 3, -5/28 HPs)
             Began as a Gnoll Wanderer on Jan 24, 2023.
             Killed from afar by Natasha (7 damage)
             ... with a magic dart
             ... on level 2 of the Dungeon.
             The game lasted 00:01:30 (1048 turns).

wormed the Covered (Gnoll Wanderer)                 Turns: 1048, Time: 00:01:31

Health: -5/28      AC:  3    Str:  8 (10) XL:     3   Next: 43%
Magic:  7/7        EV: 16    Int: 13 (15) God:
Gold:   97         SH:  0    Dex:  8 (10) Spells: 6/7 levels left

rFire   . . .      SeeInvis .    a - +0 dagger
rCold   . . .      Faith    .    (no shield)
rNeg    . . .      Spirit   .    h - +0 leather armour
rPois   .          Reflect  .    (no helmet)
rElec   .          Harm     .    (no cloak)
rCorr   .          Rampage  .    (no gloves)
Will    .....                    (no boots)
Stlth   +                        (no amulet)
HPRegen 0.24/turn                d - +5 ring of evasion
MPRegen 0.10/turn                (no ring)

@: invisible
A: fangs 1, strong nose, distributed training
a: no special abilities


You were on level 2 of the Dungeon.
You visited 1 branch of the dungeon, and saw 2 of its levels.

You collected 97 gold pieces.

Inventory:

Hand Weapons
 a - a +0 dagger (weapon)
Armour
 h - a +0 leather armour (worn)
Jewellery
 d - a +5 ring of evasion (left hand)
Scrolls
 b - a scroll of blinking
 c - a scroll of teleportation {unknown}


   Skills:
 + Level 2.6 Fighting
 + Level 0.8 Short Blades
 + Level 0.8 Long Blades
 + Level 0.8 Axes
 + Level 0.8 Maces & Flails
 + Level 0.8 Polearms
 + Level 0.8 Staves
 + Level 0.8 Ranged Weapons
 + Level 0.8 Throwing
 + Level 6.5 Armour
 + Level 2.6 Dodging
 + Level 2.4 Stealth
 + Level 0.8 Shields
 + Level 0.8 Unarmed Combat
 + Level 2.8 Spellcasting
 + Level 0.5 Conjurations
 + Level 3.7 Hexes
 + Level 0.5 Summonings
 + Level 0.5 Necromancy
 + Level 0.5 Translocations
 + Level 0.5 Transmutations
 + Level 0.5 Fire Magic
 + Level 0.5 Ice Magic
 + Level 2.1 Air Magic
 + Level 0.5 Earth Magic
 + Level 0.5 Poison Magic
 + Level 1.0 Invocations
 + Level 0.8 Evocations


You had 6 spell levels left.
You knew the following spells:

 Your Spells              Type           Power      Damage    Failure   Level
a - Slow                  Hex            44%        N/A       7%          1

Your spell library contained the following spells:

 Spells                   Type           Power      Damage    Failure   Level
 Poisonous Vapours        Pois/Air       10%        N/A       28%         2
 Static Discharge         Conj/Air       10%        2-3/arc   28%         2
 Cigotuvi's Dreadful Rot  Necr/Pois/Air  8%         N/A       30%         2
 Vhi's Electric Charge    Tloc/Air       10%        N/A       50%         3
 Cause Fear               Hex            5%         N/A       54%         4
 Anguish                  Hex/Necr       3%         N/A       78%         4
 Arcjolt                  Conj/Air       2%         1d12      99%         5
 Lightning Bolt           Conj/Air       2%         1d14      99%         5


Dungeon Overview and Level Annotations

Branches:
Dungeon (2/15)

Altars:

Annotations:
D:2 Natasha


Innate Abilities, Weirdness & Mutations

You have very sharp teeth.
Your uncanny sense of smell can sniff out nearby items.
Your experience applies equally to all skills.


Message History

Natasha misses you.
You hit Natasha.
Natasha is lightly wounded.
Natasha claws you! Natasha casts a spell at you. The magic dart hits you!
* * * LOW HITPOINT WARNING * * *
You barely miss Natasha. Your bite misses Natasha.
Natasha is lightly wounded.
Natasha barely misses you.
You barely miss Natasha.
Natasha is lightly wounded.
Natasha mewls in sadness.
Natasha barely misses you.
You barely miss Natasha.
Natasha is lightly wounded.
Natasha misses you. Natasha closely misses you.
You hit Natasha.
Natasha is lightly wounded.
Natasha mumbles some strange words.
It was a potion of curing.
You feel better. Natasha claws you but does no damage. Natasha claws you.
* * * LOW HITPOINT WARNING * * *
It was a potion of invisibility.
You fade into invisibility!
Natasha claws you!
* * * LOW HITPOINT WARNING * * *
It was a potion of degeneration.
There was something very wrong with that liquid.
You feel weakened.
You feel dopey.
You feel clumsy.
You feel yourself speed up. Natasha barely misses you. Natasha misses you.
You hit Natasha but do no damage.
Natasha is lightly wounded.
Natasha barely misses you.
You closely miss Natasha.
Natasha is lightly wounded.
Natasha stares at you and mumbles some strange words.
The magic dart hits you!
You die...

. ... ######### ..∆
#.#######.......#
##
#.......#.#####.###
.# #
....#.#.##......#
.#.#
#.##.#.##.##.#.#
.#.#
#.........##.#.#
...#
####.#.........#
.###
#.#####.#######.###
.# #.5.h@..# #.#
###### #########
#.# .....# #.#
.###... #.# ......
#.# ...... #.#
......# #.# .###...
#.# ......##.# #.##


You could see Natasha and a shadow imp (summoned, unable to see you).

Vanquished Creatures
  An adder (D:2)
  A dart slug (D:1)
  4 endoplasms
  3 giant cockroaches
  A goblin (D:2)
  3 hobgoblins
  2 kobolds (D:1)
  2 ball pythons
  4 bats (D:1)
  4 rats
25 creatures vanquished.

Notes
Turn   | Place    | Note
-------+----------+-------------------------------------------
     0 | D:1      | wormed the Gnoll Wanderer began the quest for the Orb.
     0 | D:1      | wormed set off with the following items: a +0 club, a
                  | scroll of blinking, a +0 ring mail; and the following spell
                  | memorised: Slow; and the following spells available to
                  | memorise: Poisonous Vapours, Cigotuvi's Dreadful Rot, Cause
                  | Fear, Anguish.
     0 | D:1      | Reached XP level 1. HP: 17/17 MP: 4/4
   109 | D:1      | Reached XP level 2. HP: 23/23 MP: 5/5
   771 | D:2      | Reached XP level 3. HP: 24/28 MP: 7/7
   837 | D:2      | Reached skill level 1 in Invocations
  1031 | D:2      | Noticed Natasha
  1045 | D:2      | HP: 1/28 [Natasha (7)]
  1048 | D:2      | Killed from afar by Natasha

Illustrated notes

Levels and vault maps discovered:
D:1:      lemuel_arrival_broad_hall, layout_basic, amcnicky_mini_pool_small,
          roderic_roman_lattice
D:2:      layout_loops_cross, uniq_natasha

Skill      XL: |  1  2  3 |
---------------+----------+-----
Air Magic      | 2 |  2.1
Invocations    | 1 |  1.0
Fighting       | |  2.6
Short Blades   | |  0.8
Long Blades    | |  0.8
Axes           | |  0.8
Maces & Flails | |  0.8
Polearms       | |  0.8
Staves         | |  0.8
Ranged Weapons | |  0.8
Throwing       | |  0.8
Armour         | |  6.5
Dodging        | |  2.6
Stealth        | |  2.4
Shields        | |  0.8
Unarmed Combat | |  0.8
Spellcasting   | |  2.8
Conjurations   | |  0.5
Hexes          | |  3.7
Summonings     | |  0.5
Necromancy     | |  0.5
Translocations | |  0.5
Transmutations | |  0.5
Fire Magic     | |  0.5
Ice Magic      | |  0.5
Earth Magic    | |  0.5
Poison Magic   | |  0.5
Evocations     | |  0.8

Action                     || total
---------------------------++-------
  Melee: Club              ||    70
         Bite              ||    12
         Dagger            ||    94
    Use: Scroll            ||     2
         Potion            ||     3
   Stab: Sleeping          ||     2
 Armour: Ring mail         ||    27
         Leather armour    ||    19
  Dodge: Dodged            ||   163

Table legend: (Time is in decaauts)
 A = Elapsed time spent in this place.
 B = Non-inter-level travel time spent in this place.
 C = Inter-level travel time spent in this place.
 D = Time resting spent in this place.
 E = Time spent auto-exploring this place.
 F = Levels seen in this place.
 G = Mean time per level.
                   A        B        C        D        E       F      G
               +--------+--------+--------+--------+--------+-----+--------+
         Total |   1070 |   1050 |     20 |      0 |    737 |   2 |  535.0 |
       Dungeon |   1070 |   1050 |     20 |      0 |    737 |   2 |  535.0 |
               +--------+--------+--------+--------+--------+-----+--------+

Top non-repeatable levels by time:
     D:1: 691 daAuts
     D:2: 379 daAuts
